 Dungeon Crawl Stone Soup version 0.27.0-1-g7a089689b8 (webtiles) character file.

Game seed: 6559534299393772488

86 ryw the Skirmisher (level 4, 0/37 HPs)
             Began as a Demonspawn Monk on Aug 12, 2021.
             Slain by Ijyb (3 damage)
             ... on level 3 of the Dungeon.
             The game lasted 00:03:04 (3362 turns).

ryw the Skirmisher (Demonspawn Monk)                Turns: 3362, Time: 00:03:04

Health: 0/37       AC:  2    Str: 11    XL:     4   Next: 26%
Magic:  4/4        EV: 13    Int: 12    God:
Gold:   64         SH:  0    Dex: 16    Spells: 3/3 levels left

rFire    . . .     SeeInvis .   k - +3 dagger
rCold    . . .     Faith    .   (no shield)
rNeg     . . .     Spirit   .   m - +0 robe
rPois    .         Reflect  .   (no helmet)
rElec    .         Harm     .   (no cloak)
rCorr    .         Rampage  .   (no gloves)
Will     .....                  (no boots)
Stlth    ++........             (no amulet)
HPRegen  0.12/turn              (no ring)
MPRegen  0.09/turn              (no ring)

@: no status effects
A: demonic guardian 1, sturdy frame 1, condensation shield
a: no special abilities


You were on level 3 of the Dungeon.
You visited 1 branch of the dungeon, and saw 3 of its levels.

You collected 64 gold pieces.

Inventory:

Hand Weapons
 k - a +3 dagger (weapon)
Missiles
 d - 2 javelins (quivered)
Armour
 m - a +0 robe (worn)
Jewellery
 l - a ring of positive energy
Scrolls
 a - a scroll of amnesia {unknown}
 c - a scroll of teleportation {unknown}
 e - a scroll of enchant weapon {unknown}
 g - a scroll of identify {unknown}
 h - a scroll of holy word {unknown}
Potions
 b - 2 potions of haste {unknown}
 f - 3 potions of resistance {unknown}
 i - a potion of magic {unknown}
 j - 3 potions of curing {unknown}


   Skills:
 + Level 3.7 Fighting
 + Level 0.9 Maces & Flails
 + Level 3.4 Dodging
 + Level 2.5 Stealth
 + Level 0.5 Shields
 - Level 2.6 Unarmed Combat


You had 3 spell levels left.
You didn't know any spells.
Your spell library contained the following spells:

 Spells                   Type           Power      Damage    Failure   Level
 Animate Skeleton         Necr           0%         N/A       32%         1
 Pain                     Necr           0%         1d4       32%         1
 Vampiric Draining        Necr           0%         2d6       69%         3


Dungeon Overview and Level Annotations

Branches:
Dungeon (3/15)

Altars:

Annotations:
D:3 Ijyb


Innate Abilities, Weirdness & Mutations

A weak demonic guardian rushes to your aid.
Your movements are slightly less encumbered by armour. (ER -2)
A meltable shield of frost defends you. (SH +0)


Message History

Ijyb hits you with a +0 club.
You barely miss Ijyb.
Ijyb is lightly wounded.
Ijyb hits you with a +0 club.
You hit Ijyb but do no damage.
Ijyb is lightly wounded.
Ijyb hits you with a +0 club.
You hit Ijyb but do no damage.
Ijyb is lightly wounded.
Ijyb hits you with a +0 club.
You are too injured to fight recklessly!
You are too injured to fight recklessly!
You hit Ijyb but do no damage.
Ijyb is lightly wounded.
Ijyb barely misses you.
You closely miss Ijyb.
Ijyb is lightly wounded.
Ijyb closely misses you.
You hit Ijyb.
Ijyb is lightly wounded.
Ijyb barely misses you.
You hit Ijyb.
Ijyb is lightly wounded.
Ijyb barely misses you.
You hit Ijyb but do no damage.
Ijyb is lightly wounded.
Ijyb zaps a wand.
The puff of flame hits you!
* * * LOW HITPOINT WARNING * * *
You hit Ijyb.
Ijyb is lightly wounded.
Ijyb barely misses you.
You hit Ijyb.
Ijyb is moderately wounded.
Ijyb zaps a wand.
The puff of flame hits you!
* * * LOW HITPOINT WARNING * * *
A demonic guardian appears!
You hit Ijyb.
Ijyb is heavily wounded.
Ijyb hits you with a +0 club.
You die...

#.#########
#...g@5...#
#########.#
#.#
..##########.#
.....<.<..##.#
#.#######.##.#
#.##.# #.##.##
#.....#


You could see Ijyb (ally target) and a friendly iron imp (summoned).

Vanquished Creatures
  5 adders (D:2)
  A worm (D:2)
  A dart slug (D:2)
  3 ball pythons
  3 endoplasms
  A giant cockroach (D:2)
  2 hobgoblins
  2 jackals (D:2)
  4 quokkas (D:1)
  4 bats
  3 goblins (D:2)
  A kobold (D:2)
  6 rats
36 creatures vanquished.

Notes
Turn   | Place    | Note
-------+----------+-------------------------------------------
     0 | D:1      | ryw the Demonspawn Monk began the quest for the Orb.
     0 | D:1      | Reached XP level 1. HP: 18/18 MP: 1/1
   578 | D:1      | Gained mutation: A meltable shield of frost defends you.
                  | (SH +0) [demonic ancestry]
   578 | D:1      | Reached XP level 2. HP: 16/24 MP: 2/2
  1266 | D:1      | Found a faded altar of an unknown god.
  1782 | D:2      | Gained mutation: A weak demonic guardian rushes to your
                  | aid. [demonic ancestry]
  1782 | D:2      | Reached XP level 3. HP: 29/29 MP: 3/3
  2640 | D:2      | Gained mutation: Your movements are slightly less
                  | encumbered by armour. (ER -2) [demonic ancestry]
  2640 | D:2      | Reached XP level 4. HP: 36/36 MP: 4/4
  3345 | D:3      | Noticed Ijyb
  3362 | D:3      | Slain by Ijyb

Illustrated notes

Levels and vault maps discovered:
D:1:      onia_arrival_pentagram, layout_loops_ring,
          dreamdust_ecumenical_altar_angels_and_demons,
          amcnicky_mini_rare_corridor_liquid, minmay_3d_cube
D:2:      minmay_inner_zag, layout_basic, hangedman_abyss_or_decor_lesser_grid,
          nrook_campfire
D:3:      layout_basic, chequers_serial_rivers_micro_a, grunt_decor_junction,
          kennysheep_pointless_box, grunt_ministairs_15, uniq_grinder,
          uniq_ijyb, uniq_crazy_yiuf_cottage

Skill      XL: |  1  2 |
---------------+-------+-----
Dodging        | 3 |  3.4
Stealth        | 2 |  2.5
Fighting       | |  3.7
Maces & Flails | |  0.9
Shields        | |  0.5
Unarmed Combat | |  2.6

Action                   |  1- 3 |  4- 6 || total
-------------------------+-------+-------++-------
Melee: Unarmed           |    58 |       ||    58
       Mace              |    47 |     7 ||    54
       Punch             |     1 |     1 ||     2
       Dagger            |       |    26 ||    26
 Stab: Sleeping          |     4 |     2 ||     6
Armor: Robe              |    24 |       ||    24
Dodge: Dodged            |    67 |    18 ||    85
Block: Other             |    17 |     6 ||    23
